| TOP OF THE 1ST |
|
St. Louis Cardinals batting - Pitching for Milwaukee Brewers : RHP Josh Kenyon
|
|
Pitching: RHP Josh Kenyon
|
|
|
Batting: RHB Nick Gentzel
|
0-0: Called Strike 0-1: Ball 1-1: Swinging Strike 1-2: Ball 2-2: Strikes out swinging
|
|
Batting: RHB Pavpv Ivanushkin
|
0-0: Called Strike 0-1: Called Strike 0-2: Strikes out swinging
|
|
Batting: SHB Antoine Roux
|
0-0: Ball 1-0: Called Strike 1-1: Ball 2-1: Ball 3-1: Base on Balls
|
|
Batting: LHB John Blair
|
0-0: Ball Antoine Roux is caught stealing 2nd base 2-6
|
| Top of the 1st over - 0 runs, 0 hits, 0 errors, 0 left on base; St. Louis 0 - Milwaukee 0 |
| BOTTOM OF THE 1ST |
|
Milwaukee Brewers batting - Pitching for St. Louis Cardinals : LHP Michael Colin
|
|
Pitching: LHP Michael Colin
|
|
|
Batting: RHB Jason Gee
|
0-0: Fly out, F7 (Flyball, 7, EV 95.0 MPH)
|
|
Batting: RHB Adrian Rudkilde
|
0-0: Called Strike 0-1: Called Strike 0-2: Ball 1-2: Foul Ball, location: 2F 1-2: Fly out, F9 (Line Drive, 9D, EV 90.6 MPH)
|
|
Batting: SHB Jason Woods
|
0-0: Ball 1-0: Foul Ball, location: 2F 1-1: Fly out, F8 (Line Drive, 8LD, EV 93.1 MPH)
|
| Bottom of the 1st over - 0 runs, 0 hits, 0 errors, 0 left on base; St. Louis 0 - Milwaukee 0 |
| TOP OF THE 2ND |
|
St. Louis Cardinals batting - Pitching for Milwaukee Brewers : RHP Josh Kenyon
|
|
Batting: LHB John Blair
|
0-0: Foul Ball, location: 2F 0-1: Ball 1-1: Ground out 6-3 (Groundball, 6, EV 104.4 MPH)
|
|
Batting: LHB Zack Berney
|
0-0: Called Strike 0-1: Ground out 5-3 (Groundball, 5, EV 77.5 MPH)
|
|
Batting: LHB Ben Rubenacker
|
0-0: Called Strike 0-1: Foul Ball, location: 2F 0-2: Foul Ball, location: 2F 0-2: Ball 1-2: Ball 2-2: Ball 3-2: Ground out 3-1 (Groundball, 34, EV 103.8 MPH)
|
| Top of the 2nd over - 0 runs, 0 hits, 0 errors, 0 left on base; St. Louis 0 - Milwaukee 0 |
| BOTTOM OF THE 2ND |
|
Milwaukee Brewers batting - Pitching for St. Louis Cardinals : LHP Michael Colin
|
|
Batting: RHB Adriaan Pieters
|
0-0: Foul Ball, location: 2F 0-1: Swinging Strike 0-2: Ground out 6-3 (Groundball, 56, EV 105.6 MPH)
|
|
Batting: RHB Kisho Ito
|
0-0: Ball 1-0: Ground out U3 (Groundball, 34, EV 98.1 MPH)
|
|
Batting: RHB Yuichi Matsuoka
|
0-0: Called Strike 0-1: Ground out 4-3 (Groundball, 4, EV 106.3 MPH)
|
| Bottom of the 2nd over - 0 runs, 0 hits, 0 errors, 0 left on base; St. Louis 0 - Milwaukee 0 |
| TOP OF THE 3RD |
|
St. Louis Cardinals batting - Pitching for Milwaukee Brewers : RHP Josh Kenyon
|
|
Batting: RHB Cole Bittner
|
0-0: Foul Ball, location: 2F 0-1: Foul Ball, location: 2F 0-2: Foul Ball, location: 2F 0-2: Ground out 4-3 (Groundball, 4M, EV 101.9 MPH)
|
|
Batting: RHB Rick O'Reilly
|
0-0: Ball 1-0: Ball 2-0: Called Strike 2-1: Ground out 4-3 (Groundball, 4, EV 91.9 MPH)
|
|
Batting: RHB Dustin Clark
|
0-0: Called Strike 0-1: Ball 1-1: Called Strike 1-2: Foul Ball, location: 2F 1-2: Foul Ball, location: 2F 1-2: Strikes out swinging
|
| Top of the 3rd over - 0 runs, 0 hits, 0 errors, 0 left on base; St. Louis 0 - Milwaukee 0 |
| BOTTOM OF THE 3RD |
|
Milwaukee Brewers batting - Pitching for St. Louis Cardinals : LHP Michael Colin
|
|
Batting: RHB Emilio Gallegos
|
0-0: SINGLE (Groundball, 6D, EV 95.6 MPH)
|
|
Batting: RHB Ben Campbell
|
0-0: Ball 1-0: Called Strike 1-1: Fly out, F7 (Line Drive, 7, EV 110.0 MPH)
|
|
Batting: SHB Jean-François Bernard
|
0-0: Called Strike Emilio Gallegos steals 2nd base 0-1: Ball 1-1: Called Strike 1-2: Foul Ball, location: 2F 1-2: SINGLE (Groundball, 56D, EV 98.8 MPH) Emilio Gallegos to third Runner from 3rd tries for Home, SAFE, throw by LF to home
|
|
Batting: RHB Jason Gee
|
0-0: Called Strike 0-1: Ball 1-1: Swinging Strike 1-2: Grounds into double play, 6-4-3 (Groundball, 6, EV 88.1 MPH)
|
| Bottom of the 3rd over - 1 run, 2 hits, 0 errors, 0 left on base; St. Louis 0 - Milwaukee 1 |
| TOP OF THE 4TH |
|
St. Louis Cardinals batting - Pitching for Milwaukee Brewers : RHP Josh Kenyon
|
|
Batting: RHB Nick Gentzel
|
0-0: Swinging Strike 0-1: Ball 1-1: Swinging Strike 1-2: Strikes out looking
|
|
Batting: RHB Pavpv Ivanushkin
|
0-0: Called Strike 0-1: Ball 1-1: Called Strike 1-2: Strikes out swinging
|
|
Batting: SHB Antoine Roux
|
0-0: Foul Ball, location: 2F 0-1: Ball 1-1: Ball 2-1: Fly out, F6 (Flyball, 5D, EV 82.5 MPH)
|
| Top of the 4th over - 0 runs, 0 hits, 0 errors, 0 left on base; St. Louis 0 - Milwaukee 1 |
| BOTTOM OF THE 4TH |
|
Milwaukee Brewers batting - Pitching for St. Louis Cardinals : LHP Michael Colin
|
|
Batting: RHB Adrian Rudkilde
|
0-0: Foul Ball, location: 2F 0-1: DOUBLE (Flyball, 8RXD, EV 96.9 MPH)
|
|
Batting: SHB Jason Woods
|
0-0: Fly out, F8 (Flyball, 8LXD, EV 79.4 MPH) Runner from 2nd tags up, SAFE at 3rd, no throw by CF
|
|
Batting: RHB Adriaan Pieters
|
0-0: Ball 1-0: Called Strike 1-1: Ball 2-1: SINGLE (Groundball, 5L, EV 94.4 MPH) Adrian Rudkilde scores
|
|
Batting: RHB Kisho Ito
|
0-0: Ball 1-0: Ball 2-0: Ball 3-0: Base on Balls Adriaan Pieters to second
|
|
Batting: RHB Yuichi Matsuoka
|
0-0: Ball 1-0: SINGLE (Groundball, 4D, EV 100.0 MPH) Adriaan Pieters to third Kisho Ito to second Runner from 3rd tries for Home, SAFE, throw by RF to home
|
|
Batting: RHB Emilio Gallegos
|
0-0: Ball 1-0: Grounds into double play, 1-6-3 (Groundball, 13S, EV 67.5 MPH)
|
| Bottom of the 4th over - 2 runs, 3 hits, 0 errors, 1 left on base; St. Louis 0 - Milwaukee 3 |
| TOP OF THE 5TH |
|
St. Louis Cardinals batting - Pitching for Milwaukee Brewers : RHP Josh Kenyon
|
|
Batting: LHB John Blair
|
0-0: Ground out 6-3 (Groundball, 6, EV 82.5 MPH)
|
|
Batting: LHB Zack Berney
|
0-0: Called Strike 0-1: Fly out, F8 (Flyball, 89D, EV 95.6 MPH)
|
|
Batting: LHB Ben Rubenacker
|
0-0: Called Strike 0-1: Called Strike 0-2: Strikes out swinging
|
| Top of the 5th over - 0 runs, 0 hits, 0 errors, 0 left on base; St. Louis 0 - Milwaukee 3 |
| BOTTOM OF THE 5TH |
|
Milwaukee Brewers batting - Pitching for St. Louis Cardinals : LHP Michael Colin
|
|
Batting: RHB Ben Campbell
|
0-0: Ball 1-0: Called Strike 1-1: Foul Ball, location: 2F 1-2: Ball 2-2: Strikes out swinging
|
|
Batting: SHB Jean-François Bernard
|
0-0: Ball 1-0: Ball 2-0: Ball 3-0: Base on Balls
|
|
Batting: RHB Jason Gee
|
0-0: Ball 1-0: Foul Ball, location: 2F 1-1: Grounds into double play, 5-4-3 (Groundball, 56, EV 96.9 MPH)
|
| Bottom of the 5th over - 0 runs, 0 hits, 0 errors, 0 left on base; St. Louis 0 - Milwaukee 3 |
| TOP OF THE 6TH |
|
St. Louis Cardinals batting - Pitching for Milwaukee Brewers : RHP Josh Kenyon
|
|
Batting: RHB Cole Bittner
|
0-0: Ball 1-0: DOUBLE (Line Drive, 89M, EV 96.3 MPH)
|
|
Batting: RHB Rick O'Reilly
|
0-0: Ball 1-0: Foul Ball, location: 2F 1-1: Ball 2-1: Ball 3-1: Called Strike 3-2: Foul Ball, location: 2F 3-2: Foul Ball, location: 2F 3-2: Strikes out swinging
|
|
Batting: RHB Dustin Clark
|
0-0: Ball 1-0: Ball 2-0: Fly out, F8 (Flyball, 8LD, EV 103.8 MPH)
|
|
Batting: RHB Nick Gentzel
|
0-0: Called Strike 0-1: Foul Ball, location: 2F 0-2: Foul Ball, location: 2F 0-2: Ball 1-2: Ground out U3 (Groundball, 34, EV 83.8 MPH)
|
| Top of the 6th over - 0 runs, 1 hit, 0 errors, 1 left on base; St. Louis 0 - Milwaukee 3 |
| BOTTOM OF THE 6TH |
|
Milwaukee Brewers batting - Pitching for St. Louis Cardinals : LHP Michael Colin
|
|
Batting: RHB Adrian Rudkilde
|
0-0: Ball 1-0: Ball 2-0: Ball 3-0: Base on Balls
|
|
Batting: SHB Jason Woods
|
0-0: Ball 1-0: Called Strike 1-1: DOUBLE (Line Drive, 78XD, EV 100.6 MPH) Adrian Rudkilde to third
|
|
Batting: RHB Adriaan Pieters
|
0-0: Intentional Walk
|
|
Batting: RHB Kisho Ito
|
0-0: Ball 1-0: Ball 2-0: Ball 3-0: Base on Balls Adrian Rudkilde scores Jason Woods to third Adriaan Pieters to second
|
|
Batting: RHB Yuichi Matsuoka
|
0-0: Ball 1-0: Foul Ball, location: 2F 1-1: Called Strike 1-2: Ball 2-2: Grounds into fielders choice 4-2 (Groundball, 34, EV 106.3 MPH) Adriaan Pieters to third Kisho Ito to second
|
|
Batting: RHB Emilio Gallegos
|
0-0: Ball 1-0: Ball 2-0: Ball 3-0: Called Strike 3-1: Foul Ball, location: 2F 3-2: SINGLE (Line Drive, 9S, EV 90.6 MPH) Adriaan Pieters scores Kisho Ito to third Yuichi Matsuoka to second Runner from 3rd tries for Home, throw by RF and OUT! 9-2
|
|
Pitching: RHP Doug Nickey
|
|
|
Batting: RHB Ben Campbell
|
0-0: Foul Ball, location: 2F 0-1: Ball 1-1: DOUBLE (Line Drive, 78D, EV 106.3 MPH) Yuichi Matsuoka scores Emilio Gallegos to third Runner from 3rd tries for Home, SAFE, throw by CF to trailing runner, OUT at third! 8-3-5
|
| Bottom of the 6th over - 4 runs, 3 hits, 0 errors, 0 left on base; St. Louis 0 - Milwaukee 7 |
| TOP OF THE 7TH |
|
St. Louis Cardinals batting - Pitching for Milwaukee Brewers : RHP Josh Kenyon
|
|
Batting: RHB Pavpv Ivanushkin
|
0-0: Called Strike 0-1: Foul Ball, location: 2F 0-2: TRIPLE (Flyball, 9LD, EV 107.5 MPH)
|
|
Batting: SHB Antoine Roux
|
0-0: Ball 1-0: Ball 2-0: Ball 3-0: Called Strike 3-1: Called Strike 3-2: Base on Balls
|
|
Batting: LHB John Blair
|
0-0: SINGLE (Line Drive, 8RS, EV 110.0 MPH) Pavpv Ivanushkin scores Antoine Roux to second
|
|
Batting: LHB Zack Berney
|
0-0: Called Strike 0-1: SINGLE (Line Drive, 5D, EV 103.8 MPH) Antoine Roux to third John Blair to second Runner from 3rd tries for Home, SAFE, throw by LF to home
|
|
Batting: LHB Ben Rubenacker
|
0-0: Ball John Blair steals 3rd, throwing error, E2 John Blair scores Zack Berney to third 1-0: Ball 2-0: Ball 3-0: Called Strike 3-1: Foul Ball, location: 2F 3-2: SINGLE (Groundball, 34D, EV 110.0 MPH) Zack Berney scores
|
|
Batting: RHB Cole Bittner
|
0-0: Called Strike 0-1: Ball 1-1: Foul Ball, location: 2F 1-2: Strikes out looking
|
|
Batting: RHB Rick O'Reilly
|
0-0: Foul Ball, location: 2F 0-1: Ball 1-1: Fly out, F8 (Flyball, 78D, EV 96.9 MPH)
|
|
Pitching: RHP Luis Mejia
|
|
|
Batting: RHB Dustin Clark
|
0-0: Ball 1-0: Foul Ball, location: 2F 1-1: Ball 2-1: Swinging Strike 2-2: Foul Ball, location: 2F 2-2: Strikes out looking
|
| Top of the 7th over - 4 runs, 4 hits, 1 error, 1 left on base; St. Louis 4 - Milwaukee 7 |
| BOTTOM OF THE 7TH |
|
Milwaukee Brewers batting - Pitching for St. Louis Cardinals : RHP Doug Nickey
|
|
Batting: SHB Jean-François Bernard
|
0-0: Ball 1-0: Foul Ball, location: 2F 1-1: Ball 2-1: Ball 3-1: Fly out, F8 (Flyball, 78M, EV 95.6 MPH)
|
|
Batting: RHB Jason Gee
|
0-0: Foul Ball, location: 2F 0-1: Ball 1-1: Foul Ball, location: 2F 1-2: Foul Ball, location: 2F 1-2: Ball 2-2: SINGLE (Groundball, 56, EV 99.4 MPH)
|
|
Batting: RHB Adrian Rudkilde
|
0-0: Ball Jason Gee steals 2nd, throwing error, E2 Jason Gee to third 1-0: Called Strike 1-1: Called Strike 1-2: Ball 2-2: Fly out, F9 (Line Drive, 9S, EV 106.9 MPH)
|
|
Batting: SHB Jason Woods
|
0-0: Called Strike 0-1: Ball 1-1: Ball 2-1: Ground out 4-3 (Groundball, 4, EV 103.8 MPH)
|
| Bottom of the 7th over - 0 runs, 1 hit, 1 error, 1 left on base; St. Louis 4 - Milwaukee 7 |
| TOP OF THE 8TH |
|
St. Louis Cardinals batting - Pitching for Milwaukee Brewers : RHP Luis Mejia
|
|
Batting: RHB Nick Gentzel
|
0-0: Ball 1-0: Ball 2-0: Ground out 5-3 (Groundball, 56, EV 101.9 MPH)
|
|
Batting: RHB Pavpv Ivanushkin
|
0-0: Called Strike 0-1: Ball 1-1: Foul Ball, location: 2F 1-2: Ball 2-2: Ball 3-2: Fly out, F9 (Flyball, 9LS, EV 85.6 MPH)
|
|
Batting: SHB Antoine Roux
|
0-0: Ball 1-0: Ball 2-0: Called Strike 2-1: SINGLE (Groundball, 4MS, EV 68.1 MPH) (infield hit)
|
|
Batting: LHB John Blair
|
0-0: Ball 1-0: Called Strike 1-1: Fly out, F8 (Flyball, 8LD, EV 87.5 MPH)
|
| Top of the 8th over - 0 runs, 1 hit, 0 errors, 1 left on base; St. Louis 4 - Milwaukee 7 |
| BOTTOM OF THE 8TH |
|
Milwaukee Brewers batting - Pitching for St. Louis Cardinals : RHP Doug Nickey
|
|
Batting: RHB Adriaan Pieters
|
0-0: Ball 1-0: Ball 2-0: Ground out 5-3 (Groundball, 56S, EV 78.1 MPH)
|
|
Batting: RHB Kisho Ito
|
0-0: Ball 1-0: Called Strike 1-1: Foul Ball, location: 2F 1-2: Foul Ball, location: 2F 1-2: Ball 2-2: Ball 3-2: Ground out 1-3 (Groundball, P, EV 65.6 MPH)
|
|
Batting: RHB Yuichi Matsuoka
|
0-0: Foul Ball, location: 2F 0-1: Fly out, F9 (Flyball, 89S, EV 88.8 MPH)
|
| Bottom of the 8th over - 0 runs, 0 hits, 0 errors, 0 left on base; St. Louis 4 - Milwaukee 7 |
| TOP OF THE 9TH |
|
St. Louis Cardinals batting - Pitching for Milwaukee Brewers : RHP Luis Mejia
|
|
Pitching: RHP John York
|
|
|
Batting: LHB Zack Berney
|
0-0: Called Strike 0-1: Called Strike 0-2: Foul Ball, location: 2F 0-2: Ball 1-2: Strikes out looking
|
|
Batting: LHB Ben Rubenacker
|
0-0: Ball 1-0: Foul Ball, location: 2F 1-1: Fly out, F4 (Popup, 4MD, EV 57.5 MPH)
|
|
Batting: RHB Cole Bittner
|
0-0: Swinging Strike 0-1: Fly out, F9 (Flyball, 9LM, EV 80.0 MPH)
|
| Top of the 9th over - 0 runs, 0 hits, 0 errors, 0 left on base; St. Louis 4 - Milwaukee 7 |
|